NYP
WILLIAMSPORT CROSSCUTTERS @ CINCINNATI (NYP) REDS
09/06/2047
 
TOP OF THE 1ST
Williamsport Crosscutters batting - Pitching for Cincinnati (NYP) Reds : RHP Tim Bant
Pitching: RHP Tim Bant
Batting: RHB Gary Sampson 0-0: Ball
1-0: Foul Ball, location: 2F
1-1: Ball
2-1: Fly out, F9 (Flyball, 89S, EV 93.1 MPH)
Batting: SHB Marco de Leon 0-0: Called Strike
0-1: Ball
1-1: Foul Ball, location: 2F
1-2: Ball
2-2: Strikes out looking
Batting: SHB Brett St. Clair 0-0: Ball
1-0: Ball
2-0: Called Strike
2-1: Foul Ball, location: 2F
2-2: Fly out, F7 (Flyball, 78S, EV 83.8 MPH)
Top of the 1st over - 0 runs, 0 hits, 0 errors, 0 left on base; Williamsport 0 - Cincinnati (NYP) 0
BOTTOM OF THE 1ST
Cincinnati (NYP) Reds batting - Pitching for Williamsport Crosscutters : RHP Dusty DuPont
Pitching: RHP Dusty DuPont
Batting: RHB Cyd Carver 0-0: Called Strike
0-1: Called Strike
0-2: Foul Ball, location: 2F
0-2: Ball
1-2: Foul Ball, location: 2F
1-2: Ball
2-2: Strikes out swinging
Batting: LHB Jamie Spangenberg 0-0: Swinging Strike
0-1: Ball
1-1: SINGLE (Groundball, 3D, EV 96.2 MPH)
Batting: LHB Matt Kennedy 0-0: Fly out, F8 (Line Drive, 78M, EV 94.4 MPH)
Batting: LHB Leo Gomez 0-0: Called Strike
0-1: Fly out, F9 (Flyball, 9, EV 81.2 MPH)
Bottom of the 1st over - 0 runs, 1 hit, 0 errors, 1 left on base; Williamsport 0 - Cincinnati (NYP) 0
TOP OF THE 2ND
Williamsport Crosscutters batting - Pitching for Cincinnati (NYP) Reds : RHP Tim Bant
Batting: RHB Carlos Morejon 0-0: SINGLE (Groundball, 6D, EV 95.0 MPH)
Batting: RHB Antonio Lara 0-0: Fly out, F9 (Line Drive, 9, EV 90.0 MPH)
Batting: LHB Rich Kuehne 0-0: Foul Ball, location: 2F
0-1: Ball
1-1: Foul Ball, location: 2F
1-2: Strikes out looking
Batting: RHB Pete Deschamps 0-0: Fly out, F7 (Flyball, 7D, EV 103.1 MPH)
Top of the 2nd over - 0 runs, 1 hit, 0 errors, 1 left on base; Williamsport 0 - Cincinnati (NYP) 0
BOTTOM OF THE 2ND
Cincinnati (NYP) Reds batting - Pitching for Williamsport Crosscutters : RHP Dusty DuPont
Batting: LHB Matthew Berry 0-0: Ball
1-0: Foul Ball, location: 2F
1-1: Swinging Strike
1-2: Ball
2-2: Ball
3-2: Base on Balls
Batting: SHB Jaivata Mohanty 0-0: Ball
1-0: Called Strike
1-1: Swinging Strike
1-2: Ball
Wild Pitch!
Matthew Berry to second
2-2: Ball
3-2: Base on Balls
Batting: RHB Alex Villagomez 0-0: Swinging Strike
0-1: Foul Ball, location: 2F
0-2: Ball
1-2: Ball
2-2: Foul Ball, location: 2F
2-2: Foul Ball, location: 2F
2-2: SINGLE (Groundball, 6MD, EV 96.2 MPH)
Matthew Berry to third
Jaivata Mohanty to second
Runner from 3rd tries for Home, SAFE, throw by CF to home
Batting: RHB Tim Walter 0-0: Ball
1-0: Ball
2-0: Swinging Strike
2-1: Fielders Choice at 2nd, 6-4 (Groundball, 6M, EV 90.6 MPH)
Jaivata Mohanty to third
Batting: RHB John Hopkins 0-0: Ball
Balk!
Jaivata Mohanty scores
Tim Walter to second
1-0: SINGLE (Line Drive, 34, EV 101.9 MPH)
Tim Walter to third
Runner from 3rd tries for Home, throw by RF and OUT! 9-2
Batting: RHB Cyd Carver 0-0: Called Strike
John Hopkins is caught stealing 2nd base 2-4
Bottom of the 2nd over - 2 runs, 2 hits, 0 errors, 0 left on base; Williamsport 0 - Cincinnati (NYP) 2
TOP OF THE 3RD
Williamsport Crosscutters batting - Pitching for Cincinnati (NYP) Reds : RHP Tim Bant
Batting: RHB Bobby Matyas 0-0: Called Strike
0-1: Ball
1-1: Ball
2-1: Ball
3-1: DOUBLE (Line Drive, 9LS, EV 93.1 MPH)
Batting: SHB Miguel Sierra 0-0: Called Strike
0-1: Ground out 6-3 (Groundball, P, EV 80.6 MPH)
Bobby Matyas to third
Batting: RHB Gary Sampson 0-0: Swinging Strike
0-1: Swinging Strike
0-2: Foul Ball, location: 2F
0-2: Ground out 4-3 (Groundball, 4, EV 86.2 MPH)
Bobby Matyas scores
Batting: SHB Marco de Leon 0-0: Called Strike
0-1: Called Strike
0-2: Ball
1-2: Strikes out swinging
Top of the 3rd over - 1 run, 1 hit, 0 errors, 0 left on base; Williamsport 1 - Cincinnati (NYP) 2
BOTTOM OF THE 3RD
Cincinnati (NYP) Reds batting - Pitching for Williamsport Crosscutters : RHP Dusty DuPont
Batting: RHB Cyd Carver 0-0: Foul Ball, location: 2F
0-1: Swinging Strike
0-2: Foul Ball, location: 2F
0-2: Ball
1-2: Ball
2-2: Strikes out swinging
Batting: LHB Jamie Spangenberg 0-0: SINGLE (Groundball, 56D, EV 95.6 MPH)
Batting: LHB Matt Kennedy 0-0: Ball
1-0: Called Strike
1-1: Foul Ball, location: 2F
1-2: Ball
Wild Pitch!
Jamie Spangenberg to second
2-2: Fly out, F7 (Flyball, 7D, EV 93.8 MPH)
Runner from 2nd tags up, SAFE at 3rd, no throw by LF
Batting: LHB Leo Gomez 0-0: Called Strike
0-1: Foul Ball, location: 2F
0-2: Ball
1-2: Ball
Wild Pitch!
Jamie Spangenberg scores
2-2: Ball
3-2: Base on Balls
Batting: LHB Matthew Berry 0-0: Ball
Leo Gomez is caught stealing 2nd base 2-6
Bottom of the 3rd over - 1 run, 1 hit, 0 errors, 0 left on base; Williamsport 1 - Cincinnati (NYP) 3
TOP OF THE 4TH
Williamsport Crosscutters batting - Pitching for Cincinnati (NYP) Reds : RHP Tim Bant
Batting: SHB Brett St. Clair 0-0: Called Strike
0-1: Swinging Strike
0-2: Ball
1-2: SINGLE (Line Drive, 34D, EV 98.1 MPH)
Batting: RHB Carlos Morejon 0-0: Reached on error, E5 (Groundball, 5L, EV 85.6 MPH)
Brett St. Clair to second
Batting: RHB Antonio Lara 0-0: Ball
1-0: Ball
2-0: Called Strike
2-1: Ball
3-1: Swinging Strike
3-2: Foul Ball, location: 2F
3-2: SINGLE (Flyball, 34D, EV 83.8 MPH)
Brett St. Clair to third
Carlos Morejon to second
Batting: LHB Rich Kuehne 0-0: Ball
1-0: SINGLE (Groundball, 6MD, EV 95.6 MPH)
Brett St. Clair scores
Carlos Morejon to third
Antonio Lara to second
Batting: RHB Pete Deschamps 0-0: Called Strike
0-1: Swinging Strike
0-2: Foul Ball, location: 2F
0-2: Ball
1-2: Strikes out swinging
Batting: RHB Bobby Matyas 0-0: Ball
1-0: Grounds into double play, 4-6-3 (Groundball, 4, EV 101.9 MPH)
Top of the 4th over - 1 run, 3 hits, 1 error, 2 left on base; Williamsport 2 - Cincinnati (NYP) 3
BOTTOM OF THE 4TH
Cincinnati (NYP) Reds batting - Pitching for Williamsport Crosscutters : RHP Dusty DuPont
Batting: LHB Matthew Berry 0-0: Ball
1-0: Ball
2-0: Ball
3-0: Base on Balls
Batting: SHB Jaivata Mohanty 0-0: Ball
1-0: Called Strike
1-1: Ball
2-1: Foul Ball, location: 2F
2-2: Strikes out swinging
Batting: RHB Alex Villagomez 0-0: Ball
1-0: Fielders Choice at 2nd, 6-4 (Groundball, 56, EV 87.5 MPH)
Batting: RHB Tim Walter 0-0: Called Strike
0-1: Called Strike
0-2: Ball
1-2: Foul Ball, location: 2F
1-2: Ball
2-2: Foul Ball, location: 2F
2-2: DOUBLE (Line Drive, 89M, EV 91.2 MPH)
Alex Villagomez to third
Runner from 3rd tries for Home, SAFE, throw by RF to trailing runner, OUT at third! 9-3-5
Bottom of the 4th over - 1 run, 1 hit, 0 errors, 0 left on base; Williamsport 2 - Cincinnati (NYP) 4
TOP OF THE 5TH
Williamsport Crosscutters batting - Pitching for Cincinnati (NYP) Reds : RHP Tim Bant
Batting: SHB Miguel Sierra 0-0: Foul Ball, location: 2F
0-1: Ball
1-1: Ball
2-1: Foul Ball, location: 2F
2-2: Ground out 6-3 (Groundball, 6, EV 89.4 MPH)
Batting: RHB Gary Sampson 0-0: Ball
1-0: Called Strike
1-1: Swinging Strike
1-2: Strikes out swinging
Batting: SHB Marco de Leon 0-0: Ball
1-0: Ball
2-0: Foul Ball, location: 2F
2-1: Called Strike
2-2: Ball
3-2: Strikes out swinging
Top of the 5th over - 0 runs, 0 hits, 0 errors, 0 left on base; Williamsport 2 - Cincinnati (NYP) 4
BOTTOM OF THE 5TH
Cincinnati (NYP) Reds batting - Pitching for Williamsport Crosscutters : RHP Dusty DuPont
Batting: RHB John Hopkins 0-0: Ball
1-0: Foul Ball, location: 2F
1-1: Foul Ball, location: 2F
1-2: SINGLE (Flyball, 8LS, EV 86.2 MPH)
Batting: RHB Cyd Carver 0-0: Ball
John Hopkins is caught stealing 2nd base 2-4
1-0: SINGLE (Groundball, 25, EV 66.2 MPH) (infield hit)
Batting: LHB Jamie Spangenberg 0-0: Ball
Cyd Carver steals 2nd, throwing error, E2
Cyd Carver to third
1-0: Ground out 6-3 (Groundball, 6, EV 81.2 MPH)
Cyd Carver scores
Pitching: RHP Ivan Gaona
Batting: LHB Matt Kennedy 0-0: Ball
1-0: Ground out 6-3 (Groundball, 4, EV 108.1 MPH)
Bottom of the 5th over - 1 run, 2 hits, 1 error, 0 left on base; Williamsport 2 - Cincinnati (NYP) 5
TOP OF THE 6TH
Williamsport Crosscutters batting - Pitching for Cincinnati (NYP) Reds : RHP Tim Bant
Batting: SHB Brett St. Clair 0-0: Ball
1-0: Ground out 3-1 (Groundball, 34S, EV 84.4 MPH)
Batting: RHB Carlos Morejon 0-0: Ball
1-0: Ball
2-0: Ball
3-0: Called Strike
3-1: Base on Balls
Batting: RHB Antonio Lara 0-0: Ball
1-0: Called Strike
1-1: Fly out, F8 (Flyball, 8RM, EV 98.8 MPH)
Pitching: RHP Vic Flores
Batting: LHB Rich Kuehne 0-0: Ball
1-0: Ball
2-0: Foul Ball, location: 2F
2-1: Foul Ball, location: 2F
2-2: Fly out, F8 (Flyball, 8RD, EV 97.5 MPH)
Top of the 6th over - 0 runs, 0 hits, 0 errors, 1 left on base; Williamsport 2 - Cincinnati (NYP) 5
BOTTOM OF THE 6TH
Cincinnati (NYP) Reds batting - Pitching for Williamsport Crosscutters : RHP Ivan Gaona
Batting: LHB Leo Gomez 0-0: Ball
1-0: Called Strike
1-1: Ball
2-1: Foul Ball, location: 2F
2-2: Foul Ball, location: 2F
2-2: Foul Ball, location: 2F
2-2: Foul Ball, location: 2F
2-2: Foul Ball, location: 2F
2-2: Foul Ball, location: 2F
2-2: Ball
3-2: SINGLE (Groundball, 6MS, EV 68.1 MPH) (infield hit)
Batting: LHB Matthew Berry 0-0: Ball
Leo Gomez steals 2nd base (no throw)
1-0: Ball
2-0: Foul Ball, location: 2F
2-1: Ball
3-1: Foul Ball, location: 2F
3-2: Base on Balls
Batting: SHB Jaivata Mohanty 0-0: Ball
Leo Gomez steals 3rd base
1-0: Ball
2-0: Called Strike
2-1: Ball
3-1: Base on Balls
Matthew Berry to second
Batting: RHB Alex Villagomez 0-0: Called Strike
0-1: Ball
1-1: Foul Ball, location: 2F
1-2: Strikes out swinging
Batting: RHB Tim Walter 0-0: Ball
1-0: Foul Ball, location: 2F
1-1: Fly out, F4 (Popup, 4, EV 63.1 MPH)
Batting: RHB John Hopkins 0-0: Ball
1-0: SINGLE (Line Drive, 9LS, EV 103.1 MPH)
Leo Gomez scores
Matthew Berry to third
Jaivata Mohanty to second
Batting: RHB Cyd Carver 0-0: Ball
1-0: Ground out 4-3 (Groundball, 4S, EV 81.2 MPH)
Bottom of the 6th over - 1 run, 2 hits, 0 errors, 3 left on base; Williamsport 2 - Cincinnati (NYP) 6
TOP OF THE 7TH
Williamsport Crosscutters batting - Pitching for Cincinnati (NYP) Reds : RHP Vic Flores
Batting: RHB Pete Deschamps 0-0: Ball
1-0: Ball
2-0: Ball
3-0: Called Strike
3-1: Foul Ball, location: 2F
3-2: DOUBLE (Line Drive, 78XD, EV 110.6 MPH)
Batting: RHB Bobby Matyas 0-0: Ball
1-0: Foul Ball, location: 2F
1-1: Fly out, F8 (Flyball, 8RD, EV 98.1 MPH)
Batting: SHB Miguel Sierra 0-0: Called Strike
0-1: Ball
1-1: Ball
2-1: Swinging Strike
2-2: Ball
3-2: Foul Ball, location: 2F
3-2: Strikes out swinging
Batting: RHB Gary Sampson 0-0: Called Strike
0-1: Ball
1-1: Swinging Strike
1-2: Strikes out swinging
Top of the 7th over - 0 runs, 1 hit, 0 errors, 1 left on base; Williamsport 2 - Cincinnati (NYP) 6
BOTTOM OF THE 7TH
Cincinnati (NYP) Reds batting - Pitching for Williamsport Crosscutters : RHP Ivan Gaona
Batting: LHB Jamie Spangenberg 0-0: SINGLE (Line Drive, 9S, EV 88.8 MPH)
Batting: LHB Matt Kennedy 0-0: Ball
Jamie Spangenberg steals 2nd base
1-0: Ball
2-0: Fly out, F9 (Flyball, 9, EV 88.1 MPH)
Batting: LHB Leo Gomez 0-0: Swinging Strike
0-1: Called Strike
0-2: Strikes out looking
Pitching: RHP Chris Petrey
Batting: LHB Matthew Berry 0-0: Called Strike
0-1: Swinging Strike
0-2: Strikes out swinging
Bottom of the 7th over - 0 runs, 1 hit, 0 errors, 1 left on base; Williamsport 2 - Cincinnati (NYP) 6
TOP OF THE 8TH
Williamsport Crosscutters batting - Pitching for Cincinnati (NYP) Reds : RHP Vic Flores
Batting: SHB Marco de Leon 0-0: Ball
1-0: Fly out, F9 (Line Drive, 9, EV 101.9 MPH)
Batting: SHB Brett St. Clair 0-0: Ball
1-0: Fly out, F8 (Flyball, 8RD, EV 104.4 MPH)
Batting: RHB Carlos Morejon 0-0: Called Strike
0-1: Called Strike
0-2: Foul Ball, location: 2F
0-2: Foul Ball, location: 2F
0-2: Ball
1-2: Ball
2-2: Strikes out swinging
Top of the 8th over - 0 runs, 0 hits, 0 errors, 0 left on base; Williamsport 2 - Cincinnati (NYP) 6
BOTTOM OF THE 8TH
Cincinnati (NYP) Reds batting - Pitching for Williamsport Crosscutters : RHP Chris Petrey
Batting: SHB Jaivata Mohanty 0-0: Called Strike
0-1: Swinging Strike
0-2: Ball
1-2: Ball
2-2: Ball
3-2: Fly out, F4 (Popup, 4M, EV 46.9 MPH)
Batting: RHB Alex Villagomez 0-0: Called Strike
0-1: Called Strike
0-2: Foul Ball, location: 2F
0-2: Foul Ball, location: 2F
0-2: Foul Ball, location: 2F
0-2: Foul Ball, location: 2F
0-2: Foul Ball, location: 2F
0-2: Strikes out swinging
Batting: RHB Tim Walter 0-0: Ball
1-0: Called Strike
1-1: Swinging Strike
1-2: Ground out 5-3 (Groundball, 56, EV 101.2 MPH)
Bottom of the 8th over - 0 runs, 0 hits, 0 errors, 0 left on base; Williamsport 2 - Cincinnati (NYP) 6
TOP OF THE 9TH
Williamsport Crosscutters batting - Pitching for Cincinnati (NYP) Reds : RHP Vic Flores
Pitching: RHP Jesus Gallegos
Batting: RHB Antonio Lara 0-0: Called Strike
0-1: Called Strike
0-2: Strikes out swinging
Batting: LHB Rich Kuehne 0-0: Called Strike
0-1: Foul Ball, location: 2F
0-2: Foul Ball, location: 2F
0-2: Ball
1-2: Ground out 5-3 (Groundball, 56S, EV 87.5 MPH)
Batting: RHB Pete Deschamps 0-0: Ball
1-0: Called Strike
1-1: Ball
2-1: Called Strike
2-2: Foul Ball, location: 2F
2-2: Ball
3-2: Base on Balls
Batting: RHB Bobby Matyas 0-0: Ball
1-0: Called Strike
1-1: Foul Ball, location: 2F
1-2: Foul Ball, location: 2F
1-2: Ground out U3 (Groundball, 13, EV 83.1 MPH)
Top of the 9th over - 0 runs, 0 hits, 0 errors, 1 left on base; Williamsport 2 - Cincinnati (NYP) 6
Thursday, December 15th , 2022 - OOTP Baseball 23.9 Build 102